 Dungeon Crawl Stone Soup version 0.26-a0-1129-gc5df7fbe6a (webtiles) character file.

Game seed: 3559305185591295044

733 Hopman the Slasher (level 7, -7/61 HPs)
             Began as a Hill Orc Fighter on Dec 18, 2020.
             Was a Follower of Okawaru.
             Killed from afar by a wretched star (22 damage)
             ... with a lance of force
             ... on level 2 of the Abyss.
             The game lasted 00:17:04 (3889 turns).

Hopman the Slasher (Hill Orc Fighter)               Turns: 3889, Time: 00:17:05

Health: -7/61      AC:  8    Str: 21    XL:     7   Next: 74%
Magic:  8/8        EV: 10    Int:  4    God:    Okawaru [*.....]
Gold:   12         SH: 17    Dex: 10    Spells: 6/6 levels left

rFire    . . .     SeeInvis .   a - +0 long sword
rCold    . . .     Faith    .   u - +2 tower shield
rNeg     . . .     Spirit   .   b - +0 scale mail
rPois    .         Reflect  .   (no helmet)
rElec    .         Harm     .   (no cloak)
rCorr    .         Rampage  .   (no gloves)
Will     +....                  i - +0 pair of boots
Stlth    ..........             (no amulet)
HPRegen  0.00/turn              e - ring of willpower
MPRegen  0.11/turn              d - +4 ring of evasion

@: no status effects
A: [dopey 2], [inhibited regeneration]
a: Renounce Religion, Heroism


You were on level 2 of the Abyss.
You worshipped Okawaru.
Okawaru was aware of your devotion.
You visited 1 branch of the dungeon, and saw 5 of its levels.
You visited the Abyss 1 time.

You collected 156 gold pieces.
You spent 144 gold pieces at shops.

Inventory:

Hand Weapons
 a - a +0 long sword (weapon)
Armour
 b - a +0 scale mail (worn)
 c - a +0 kite shield
 i - a +0 pair of boots (worn)
 u - a +2 tower shield (worn)
Jewellery
 d - a +4 ring of evasion (right hand)
 e - a ring of willpower (left hand)
 t - a +6 ring of dexterity
Wands
 s - a wand of flame (7)
Scrolls
 g - 3 scrolls of fear
 h - 2 scrolls of amnesia
 l - 2 scrolls of blinking {unknown}
 m - a scroll of enchant armour {unknown}
 n - 2 scrolls of remove curse
 q - 4 scrolls of identify
 r - 3 scrolls of teleportation {unknown}
Potions
 f - a potion of haste
 j - 2 potions of flight
 k - a potion of curing
 o - 2 potions of invisibility
 p - 2 potions of lignification {unknown}


   Skills:
 * Level 5.6 Fighting
 + Level 1.5(3.6) Short Blades
 * Level 5.7(5.8) Long Blades
 + Level 4.3 Armour
 - Level 1.1 Dodging
 * Level 5.3 Shields
 + Level 2.0 Invocations


You had 6 spell levels left.
You didn't know any spells.
Your spell library was empty.

Dungeon Overview and Level Annotations

Branches:
Dungeon (5/15)
 Temple: D:4-7

Altars:
Kikubaaqudgha
Okawaru
Ru
Trog

Shops:
D:5 (


Innate Abilities, Weirdness & Mutations

[You are very dopey. (Int -4)]
[You do not regenerate when monsters are visible.]


Message History

[Y]es or [N]o only, please.
Really attack while wielding nothing? [Y]es or [N]o only, please.
Really attack while wielding nothing? [Y]es or [N]o only, please.
Really attack while wielding nothing? [Y]es or [N]o only, please.
Really attack while wielding nothing? [Y]es or [N]o only, please.
Really attack while wielding nothing? [Y]es or [N]o only, please.
Really attack while wielding nothing? [Y]es or [N]o only, please.
Really attack while wielding nothing?
Okay, then.
a - a +0 long sword (weapon)
Your shield and scale mail prevent you from hitting the wretched star.
The wretched star glows turbulently.
The lance of force hits you!!
You die...

# ....
#......#
#...##...###
###.#. .#.
.# .. .#. )#
.# #.#... #.
#.....# #
#.#.#..## #
##....####
.. #...##@.#
. #.##.*.##
...#.####
#......
....##..
..... ...
#####.#..
.#.#.# #. #.


You could see a wretched star.

Vanquished Creatures
  The ghost of Murumi the Conjurer, an amateur OgCj (D:3)
  A water moccasin (D:5)
  An ice beast (D:5)
  A centaur (D:5)
  A howler monkey (D:4)
  A bullfrog skeleton (D:4)
  3 worker ants
  A hound skeleton (D:4)
  7 adders
  A white imp (D:5)
  An ooze (D:2)
  An adder skeleton (D:4)
  4 worms
  3 dart slugs
  4 leopard geckos
  2 orcs (D:3)
  A ball python (D:3)
  7 bats
  3 giant cockroaches
  8 goblins
  6 hobgoblins
  2 jackals (D:4)
  2 quokkas
  5 frilled lizards
  13 kobolds
  10 rats
90 creatures vanquished.

Notes
Turn   | Place    | Note
-------+----------+-------------------------------------------
     0 | D:1      | Hopman the Hill Orc Fighter began the quest for the Orb.
     0 | D:1      | Reached XP level 1. HP: 19/19 MP: 1/1
    86 | D:2      | Reached XP level 2. HP: 22/27 MP: 2/2
   130 | D:1      | HP: 1/27 [kobold (1)]
   381 | D:1      | Reached XP level 3. HP: 26/33 MP: 3/3
  1096 | D:2      | Found an ancient bone altar of Kikubaaqudgha.
  1098 | D:2      | Found a bloodstained altar of Trog.
  1122 | D:2      | Reached XP level 4. HP: 39/40 MP: 4/4
  1649 | D:3      | Found a sacrificial altar of Ru.
  1997 | D:3      | Reached XP level 5. HP: 44/46 MP: 5/5
  2341 | D:3      | Found a runed translucent gate.
  2341 | D:3      | Found a runed translucent gate.
  2341 | D:3      | Found a runed translucent gate.
  2341 | D:3      | Noticed Murumi's ghost (amateur OgCj)
  2354 | D:3      | Killed Murumi's ghost
  2355 | D:3      | Reached skill level 1 in Dodging
  2355 | D:3      | Reached XP level 6. HP: 51/53 MP: 6/6
  2672 | D:4      | Found an iron altar of Okawaru.
  2682 | D:4      | Became a worshipper of Warmaster Okawaru
  2797 | D:4      | Reached skill level 5 in Long Blades
  3019 | D:4      | Reached skill level 5 in Fighting
  3019 | D:4      | Reached skill level 1 in Invocations
  3307 | D:5      | Entered Level 5 of the Dungeon
  3320 | D:5      | Reached XP level 7. HP: 57/61 MP: 7/7
  3361 | D:5      | Reached * piety under Okawaru
  3362 | D:5      | Reached skill level 1 in Short Blades
  3362 | D:5      | Reached skill level 5 in Shields
  3572 | D:5      | Found a sacrificial altar of Ru.
  3838 | D:5      | Found Guraud's Antique Weapon Shoppe.
  3846 | D:5      | Bought a runed falchion for 144 gold pieces
  3847 | D:5      | Cast into level 2 of the Abyss (unwielding a weapon of
                  | distortion)
  3847 | Abyss:2  | Found a corrupted altar of Lugonu.
  3881 | Abyss:2  | Noticed a wretched star
  3889 | Abyss:2  | Killed from afar by a wretched star

Illustrated notes

Levels and vault maps discovered:
D:1:      dpeg_arrival_stonehenge_8_columns, layout_rooms
D:2:      layout_loops_ring, nicolae_overflow_hidden_temple,
          kennysheep_generic_room_2
D:3:      wad_river_or_something, layout_loops_ring, old_standard_altar,
          ebering_ghost_rock_garden, solitary_fountain, minmay_misc_feat_chi
D:4:      layout_loops_corners, okawaru_ov_weapons_minmay
D:5:      layout_loops_ring, serial_shops, kennysheep_mini_moat,
          gammafunk_ghost_stat_death, basic_altar, uniq_crazy_yiuf_cottage
Abyss:2:  base:
D:3

Skill      XL: |  1  2  3  4  5  6  7 |
---------------+----------------------+-----
Long Blades    | 3 4 5 |  5.7
Fighting       | 4 5 |  5.6
Dodging        | 1 |  1.1
Shields        | 4 5 |  5.3
Armour         | 4 |  4.3
Invocations    | 1 2 |  2.0
Short Blades   | 1 |  1.5

Action                   |  1- 3 |  4- 6 |  7- 9 || total
-------------------------+-------+-------+-------++-------
Melee: Long sword        |   138 |   201 |    28 ||   367
  Use: Potion            |     1 |       |       ||     1
       Scroll            |       |    10 |       ||    10
Armor: Scale mail        |    91 |    77 |     6 ||   174
Dodge: Dodged            |    61 |    85 |    16 ||   162
Block: Kite shield       |    91 |   100 |     5 ||   196
       Tower shield      |       |       |     9 ||     9
       Rpst.: Long sword |    21 |    29 |     6 ||    56

Table legend: (Time is in decaauts)
 A = Elapsed time spent in this place.
 B = Non-inter-level travel time spent in this place.
 C = Inter-level travel time spent in this place.
 D = Time resting spent in this place.
 E = Time spent auto-exploring this place.
 F = Levels seen in this place.
 G = Mean time per level.
                   A        B        C        D        E       F      G
               +--------+--------+--------+--------+--------+-----+--------+
         Total |   3995 |   3846 |    149 |    548 |   2244 |   6 |  665.8 |
       Dungeon |   3952 |   3803 |    149 |    548 |   2244 |   5 |  790.4 |
         Abyss |     42 |     42 |      0 |      0 |      0 |   1 |   42.0 |
               +--------+--------+--------+--------+--------+-----+--------+

Top non-repeatable levels by time:
     D:2: 940 daAuts
     D:3: 893 daAuts
     D:4: 810 daAuts
     D:1: 760 daAuts
     D:5: 547 daAuts
 Abyss:2: 42 daAuts
